 Dungeon Crawl Stone Soup version 0.26-a0-708-g17f3b190f9 (webtiles) character file.

Game seed: 4017156838060068803

10629 robertstho the Frost Mage (level 11, -6/83 HPs)
             Began as a Gnoll Ice Elementalist on Oct 29, 2020.
             Was an Elder of Sif Muna.
             Mangled by a white ugly thing (33 damage)
             ... on level 1 of the Lair of Beasts.
             The game lasted 00:23:39 (13580 turns).

robertstho the Frost Mage (Gnoll Ice Elementalist) Turns: 13580, Time: 00:23:40

Health: -6/83      AC: 10    Str: 10    XL:     11   Next: 65%
Magic:  9/23       EV: 17    Int: 28    God:    Sif Muna [****..]
Gold:   320        SH:  0    Dex: 15    Spells: 11/26 levels left

rFire    . . .     SeeInvis +   v - +0 long sword (holy)
rCold    . . .     Faith    .   (no shield)
rNeg     . . .     Spirit   .   F - +0 steam dragon scales
rPois    .         Reflect  .   (no helmet)
rElec    .         Harm     .   G - +0 cloak
rCorr    .         Rampage  .   q - +0 pair of gloves
MR       .....                  n - +0 pair of boots
Stlth    ++++......             (no amulet)
HPRegen  0.23/turn              S - +6 ring of intelligence
MPRegen  0.18/turn              j - ring of see invisible

@: no status effects
A: distributed training, fangs 1, strong nose
a: Channel Magic, Forget Spell, Divine Exegesis, Renounce Religion


You were on level 1 of the Lair of Beasts.
You worshipped Sif Muna.
Sif Muna was greatly pleased with you.
You visited 2 branches of the dungeon, and saw 12 of its levels.
You also visited: Ice Cave.

You collected 683 gold pieces.
You spent 363 gold pieces at shops.

Inventory:

Hand Weapons
 v - a +0 long sword of holy wrath (weapon)
 x - a +2 dire flail of protection
 E - a +2 scimitar of flaming
Missiles
 t - a throwing net (quivered)
Armour
 n - a +0 pair of boots (worn)
 q - a +0 pair of gloves (worn)
 F - +0 steam dragon scales (worn)
 G - a +0 cloak (worn)
Magical Staves
 R - an uncursed staff of poison
Jewellery
 j - a ring of see invisible (right hand)
 w - an uncursed ring of protection from magic
 N - an uncursed ring of flight
 P - an uncursed amulet of guardian spirit {unknown}
 Q - an uncursed amulet of reflection {unknown}
 S - a +6 ring of intelligence (left hand)
Wands
 m - a wand of flame (59)
 C - a wand of disintegration (9)
 D - a wand of acid (10)
 K - a wand of polymorph (7)
 O - a wand of paralysis (8)
Scrolls
 b - a scroll of holy word
 c - 3 scrolls of amnesia {unknown}
 e - 2 scrolls of random uselessness {unknown}
 f - 4 scrolls of enchant armour
 g - 2 scrolls of fear {unknown}
 k - a scroll of blinking {unknown}
 o - 6 scrolls of remove curse
 r - 8 scrolls of teleportation
 y - 2 scrolls of magic mapping
 A - a scroll of immolation {unknown}
 B - 4 scrolls of enchant weapon {unknown}
 I - a scroll of summoning
 M - a scroll of fog {unknown}
Potions
 h - a potion of haste
 i - 3 potions of cancellation
 l - 3 potions of brilliance
 p - 2 potions of curing
 s - 3 potions of flight
 u - 4 potions of lignification
 z - 2 potions of stabbing
 J - a potion of mutation
 L - a potion of berserk rage {unknown}


   Skills:
 + Level 6.5 Fighting
 + Level 6.5 Short Blades
 + Level 6.5 Long Blades
 + Level 6.5 Axes
 + Level 6.5 Maces & Flails
 + Level 6.5 Polearms
 + Level 6.5 Staves
 + Level 6.5 Slings
 + Level 6.5 Bows
 + Level 6.5 Crossbows
 + Level 6.5 Throwing
 + Level 6.5 Armour
 + Level 8.0 Dodging
 + Level 7.8 Stealth
 + Level 6.5 Shields
 + Level 6.5 Unarmed Combat
 + Level 8.3 Spellcasting
 + Level 5.3 Conjurations
 + Level 5.3 Hexes
 + Level 5.3 Summonings
 + Level 5.3 Necromancy
 + Level 5.3 Translocations
 + Level 5.3 Transmutations
 + Level 5.3 Fire Magic
 + Level 9.0 Ice Magic
 + Level 5.3 Air Magic
 + Level 5.3 Earth Magic
 + Level 5.3 Poison Magic
 + Level 7.1 Invocations
 + Level 6.5 Evocations


You had 11 spell levels left.
You knew the following spells:

 Your Spells              Type           Power        Failure   Level
a - Freeze                Ice            ####         1%          1
b - Frozen Ramparts       Ice            ######       1%          3
c - Ozocubu's Armour      Ice            ######..     1%          3
d - Hailstorm             Conj/Ice       ######..     2%          4
e - Summon Ice Beast      Ice/Summ       ######..     2%          4

Your spell library contained the following spells:

 Spells                   Type           Power        Failure   Level
 Magic Dart               Conj           ####         1%          1
 Summon Small Mammal      Summ           ####         1%          1
 Blink                    Tloc           N/A          1%          2
 Call Imp                 Summ           #####...     1%          2
 Slow                     Hex            #####...     1%          2
 Call Canine Familiar     Summ           #####...     1%          3
 Conjure Flame            Conj/Fire      #####...     1%          3
 Mephitic Cloud           Conj/Pois/Air  #####...     1%          3
 Summon Guardian Golem    Hex/Summ       #####...     1%          3
 Summon Lightning Spire   Summ/Air       #####...     5%          4


Dungeon Overview and Level Annotations

Branches:
Dungeon (11/15)            Temple (0/1) D:7            Lair (1/6) D:8
    Orc (0/2) D:9           IceCv (visited)

Altars:
Dithmenos
Elyvilon
Fedhas
Gozag
Kikubaaqudgha
Nemelex Xobeh
Okawaru
Ru
Sif Muna
Xom
Zin

Shops:
D:7 ?   D:9 :   D:11 }

Annotations:
D:7 scroll shop
D:11 Fannar


Innate Abilities, Weirdness & Mutations

Your experience applies equally to all skills.
You have very sharp teeth.
Your uncanny sense of smell can sniff out nearby items.


Message History

The ice beast hits your ice beast. The ice beast freezes your ice beast.
Your ice beast completely resists.
The white ugly thing headbutts you. The white ugly thing freezes you!!
The ice beast misses you.
You riposte.
You barely miss the ice beast. The ice beast barely misses you.
Your ice beast hits the white ugly thing but does no damage.
Your ice beast barely misses the ice beast.
Your ice beast hits the ice beast but does no damage.
The ice beast closely misses your ice beast.
The white ugly thing headbutts you. The white ugly thing freezes you!!
* * * LOW HITPOINT WARNING * * *
Welcome back to the Lair of Beasts!
Your summoned ally is left behind.
There is a collapsed entrance here.
Okay, then.
You feel much better. The ice beast barely misses you.
You riposte.
You hit the ice beast.
You punch the ice beast, but do no damage.
The ice beast is lightly wounded.
The white ugly thing headbutts you! The white ugly thing freezes you!!
You die...

### .. #.#### #....###
.# #.####..#.#P# #
>.##.#.........# #P
........#...#.### ##.
#...##.YY......#
#...#....#.@u#.#.#.#
.................#.####
........[....#.........
........<..............
...###....####.###.####
###..# #.# .# #..# #.##
# #..# #..# ..## #.##


You could see a white ugly thing and 2 ice beasts.

Vanquished Creatures
  6 two-headed ogres
  Pikel (D:6)
  A cyclops (D:11)
  Maggie (D:6)
  A troll (D:10)
  Sigmund (D:2)
  A wyvern (D:10)
  A swamp worm (D:8)
  Edmund (D:4)
  A water moccasin (D:8)
  3 orc warriors
  An ice beast (D:8)
  3 phantoms
  5 centaurs
  A black bear (D:10)
  A necrophage (D:9)
  2 sky beasts
  An ogre (D:4)
  A lemure (D:6)
  Blork the orc (D:6)
  8 bullfrogs
  A gnoll sergeant (D:8)
  4 scorpions
  7 killer bees
  A nameless horror (D:7)
  A howler monkey (D:2)
  A bullfrog zombie (D:11)
  A quasit (D:9)
  3 orc priests
  3 bullfrog skeletons
  A hound (D:7)
  5 jellies
  7 orc wizards
  A centaur skeleton (D:4)
  12 worker ants
  2 worker ant zombies
  A gnoll (D:8)
  2 river rats (D:4)
  12 adders
  4 shadow imps
  6 white imps
  3 ufetubi
  11 oozes
  An adder skeleton (D:6)
  An adder zombie (D:4)
  2 worms
  2 dart slugs
  6 leopard geckos
  27 orcs
  7 giant cockroaches
  7 goblins
  7 hobgoblins
  7 jackals (D:10)
  14 kobolds
  5 quokkas
  A ball python (D:4)
  7 bats
  3 frilled lizards
  A jackal zombie (D:5)
  A leopard gecko skeleton (D:4)
  8 rats
238 creatures vanquished.

Vanquished Creatures (collateral kills)
  A cyclops (D:11)
  A rime drake (Lair:1)
  A wraith (D:11)
  A shadow (D:11)
  A swamp worm (D:8)
  2 ice beasts
  An ogre (D:9)
  A phantom (D:6)
  2 scorpions
  2 killer bees (D:9)
  A quasit (D:9)
  A jelly (D:8)
  An iguana (D:7)
  3 gnolls (D:8)
  An adder (D:7)
  A white imp (D:9)
  An ufetubus (D:6)
  A jackal (D:10)
23 creatures vanquished.

Vanquished Creatures (others)
  A human (D:6)
  7 fungi (D:3)
  4 plants (D:8)
  9 toadstools (D:3)
21 creatures vanquished.

Grand Total: 282 creatures vanquished

Notes
Turn   | Place    | Note
-------+----------+-------------------------------------------
     0 | D:1      | robertstho the Gnoll Ice Elementalist began the quest for
                  | the Orb.
     0 | D:1      | Reached XP level 1. HP: 13/13 MP: 6/6
   200 | D:1      | Reached XP level 2. HP: 12/20 MP: 7/7
   572 | D:1      | Reached skill level 5 in Spellcasting
   572 | D:1      | Reached XP level 3. HP: 18/25 MP: 7/9
   820 | D:1      | Reached skill level 1 in Invocations
  1197 | D:1      | Learned a level 3 spell: Frozen Ramparts
  1201 | D:1      | Learned a level 3 spell: Ozocubu's Armour
  1331 | D:2      | Reached skill level 1 in Fighting
  1331 | D:2      | Reached skill level 1 in Short Blades
  1331 | D:2      | Reached skill level 1 in Long Blades
  1331 | D:2      | Reached skill level 1 in Axes
  1331 | D:2      | Reached skill level 1 in Maces & Flails
  1331 | D:2      | Reached skill level 1 in Polearms
  1331 | D:2      | Reached skill level 1 in Staves
  1331 | D:2      | Reached skill level 1 in Slings
  1331 | D:2      | Reached skill level 1 in Bows
  1331 | D:2      | Reached skill level 1 in Crossbows
  1331 | D:2      | Reached skill level 1 in Throwing
  1331 | D:2      | Reached skill level 1 in Armour
  1331 | D:2      | Reached skill level 1 in Shields
  1331 | D:2      | Reached skill level 1 in Unarmed Combat
  1331 | D:2      | Reached skill level 1 in Evocations
  1600 | D:2      | Reached XP level 4. HP: 31/32 MP: 11/11
  1662 | D:2      | Found a shimmering blue altar of Sif Muna.
  1662 | D:2      | Found an ancient bone altar of Kikubaaqudgha.
  1707 | D:2      | Reached skill level 1 in Conjurations
  1707 | D:2      | Reached skill level 1 in Hexes
  1707 | D:2      | Reached skill level 1 in Summonings
  1707 | D:2      | Reached skill level 1 in Necromancy
  1707 | D:2      | Reached skill level 1 in Translocations
  1707 | D:2      | Reached skill level 1 in Transmutations
  1707 | D:2      | Reached skill level 1 in Fire Magic
  1707 | D:2      | Reached skill level 1 in Air Magic
  1707 | D:2      | Reached skill level 1 in Earth Magic
  1707 | D:2      | Reached skill level 1 in Poison Magic
  1740 | D:2      | Became a worshipper of Sif Muna the Loreminder
  2019 | D:2      | Noticed Sigmund
  2047 | D:2      | Killed Sigmund
  2047 | D:2      | Reached XP level 5. HP: 15/38 MP: 9/12
  2047 | D:2      | Reached XP level 6. HP: 17/44 MP: 9/13
  2274 | D:2      | Found an iron altar of Okawaru.
  2499 | D:3      | Learned a level 4 spell: Hailstorm
  2504 | D:3      | Learned a level 4 spell: Summon Ice Beast
  2660 | D:3      | Reached skill level 5 in Dodging
  2763 | D:3      | Found a blossoming altar of Fedhas.
  2900 | D:3      | Reached * piety under Sif Muna
  3010 | D:3      | Reached XP level 7. HP: 45/50 MP: 10/15
  3727 | D:4      | Noticed a two-headed ogre
  3746 | D:4      | Killed a two-headed ogre
  3746 | D:4      | Reached skill level 5 in Stealth
  3746 | D:4      | Reached XP level 8. HP: 58/58 MP: 7/17
  4680 | D:4      | Noticed Edmund
  4690 | D:4      | Killed Edmund
  4782 | D:4      | Reached ** piety under Sif Muna
  5003 | D:5      | Entered Level 5 of the Dungeon
  5169 | D:5      | Reached XP level 9. HP: 33/65 MP: 14/18
  5748 | D:5      | Found a shimmering altar of Xom.
  5820 | D:5      | Found a glowing silver altar of Zin.
  6003 | D:6      | Found a sparkling altar of Nemelex Xobeh.
  6289 | D:6      | Found a white marble altar of Elyvilon.
  6346 | D:6      | Reached skill level 8 in Ice Magic
  6390 | D:6      | Noticed Pikel
  6582 | D:6      | Noticed Blork the orc
  6591 | D:6      | Killed Blork the orc
  6764 | D:6      | Found an ancient bone altar of Kikubaaqudgha.
  6980 | D:6      | Noticed Maggie
  6996 | D:6      | Killed Maggie
  7386 | D:6      | Found a shadowy altar of Dithmenos.
  7527 | D:6      | Killed Pikel
  7527 | D:6      | Reached skill level 5 in Invocations
  7734 | D:7      | Reached XP level 10. HP: 73/73 MP: 16/20
  8144 | D:7      | Found Onuudor's Magic Scroll Emporium.
  8147 | D:7      | Bought a scroll of magic mapping for 45 gold pieces
  8147 | D:7      | Bought 2 scrolls of identify for 52 gold pieces
  8147 | D:7      | Bought a scroll of enchant armour for 97 gold pieces
  8147 | D:7      | Bought a scroll of identify for 26 gold pieces
  8147 | D:7      | Bought a scroll of identify for 26 gold pieces
  8147 | D:7      | Bought a scroll of remove curse for 39 gold pieces
  8147 | D:7      | Bought a scroll of noise for 13 gold pieces
  8147 | D:7      | Bought a scroll of teleportation for 39 gold pieces
  8147 | D:7      | Bought a scroll of identify for 26 gold pieces
  8175 | D:7      | Reached skill level 5 in Fighting
  8175 | D:7      | Reached skill level 5 in Short Blades
  8175 | D:7      | Reached skill level 5 in Long Blades
  8175 | D:7      | Reached skill level 5 in Axes
  8175 | D:7      | Reached skill level 5 in Maces & Flails
  8175 | D:7      | Reached skill level 5 in Polearms
  8175 | D:7      | Reached skill level 5 in Staves
  8175 | D:7      | Reached skill level 5 in Slings
  8175 | D:7      | Reached skill level 5 in Bows
  8175 | D:7      | Reached skill level 5 in Crossbows
  8175 | D:7      | Reached skill level 5 in Throwing
  8175 | D:7      | Reached skill level 5 in Armour
  8175 | D:7      | Reached skill level 5 in Shields
  8175 | D:7      | Reached skill level 5 in Unarmed Combat
  8175 | D:7      | Reached skill level 5 in Evocations
  8216 | D:7      | Found a staircase to the Ecumenical Temple.
  8546 | D:7      | Reached *** piety under Sif Muna
  8790 | D:8      | Noticed a two-headed ogre
  8802 | D:8      | Killed a two-headed ogre
  8919 | D:8      | Found a staircase to the Lair.
  8923 | D:8      | Noticed a two-headed ogre
  8949 | D:8      | Killed a two-headed ogre
  9146 | D:8      | Noticed a two-headed ogre
  9148 | D:8      | Found an opulent altar of Gozag.
  9164 | D:8      | Killed a two-headed ogre
  9284 | D:8      | Noticed a two-headed ogre
  9318 | D:8      | Killed a two-headed ogre
  9318 | D:8      | Reached XP level 11. HP: 81/81 MP: 17/22
 10071 | D:9      | Found a sacrificial altar of Ru.
 10160 | D:9      | Reached skill level 5 in Conjurations
 10160 | D:9      | Reached skill level 5 in Hexes
 10160 | D:9      | Reached skill level 5 in Summonings
 10160 | D:9      | Reached skill level 5 in Necromancy
 10160 | D:9      | Reached skill level 5 in Translocations
 10160 | D:9      | Reached skill level 5 in Transmutations
 10160 | D:9      | Reached skill level 5 in Fire Magic
 10160 | D:9      | Reached skill level 5 in Air Magic
 10160 | D:9      | Reached skill level 5 in Earth Magic
 10160 | D:9      | Reached skill level 5 in Poison Magic
 10523 | D:9      | Found Tyt Zozydoa's Book Shoppe.
 10609 | D:9      | Found a staircase to the Orcish Mines.
 11136 | D:9      | Found a sparkling altar of Nemelex Xobeh.
 11272 | D:10     | Entered Level 10 of the Dungeon
 11468 | D:10     | Noticed a two-headed ogre
 11475 | D:10     | Killed a two-headed ogre
 11499 | D:10     | Reached **** piety under Sif Muna
 12410 | D:11     | Noticed a cyclops
 12440 | D:11     | Killed a cyclops
 12440 | D:11     | Reached skill level 9 in Ice Magic
 12727 | D:11     | Noticed a cyclops
 12739 | D:11     | Killed a cyclops
 13183 | D:11     | Found a sacrificial altar of Ru.
 13276 | D:11     | Found Ulamefey's Gadget Shop.
 13301 | D:11     | Noticed Fannar
 13534 | Lair:1   | Entered Level 1 of the Lair of Beasts
 13534 | Lair:1   | Found a frozen archway.
 13567 | IceCv    | Entered an ice cave
 13567 | IceCv    | Noticed a white ugly thing
 13580 | Lair:1   | Mangled by a white ugly thing

Illustrated notes

Levels and vault maps discovered:
D:1:      minmay_arrival_open_corners, layout_basic
D:2:      layout_basic, amethyst_overflow_temple_binary,
          okawaru_metal_pillars_1_2, uniq_sigmund
D:3:      cheibrodos_fertilizer, layout_basic, fedhas_ov_isle_minmay
D:4:      layout_basic, gup_sewer_entry_spiral, uniq_edmund
D:5:      layout_cave_pools, marbit_many_paths, kennysheep_mini_moat
D:6:      layout_basic, elyvilon_altar_5, nicolae_overflow_crystal_walls,
          grunt_dithmenos_smoke, tgw_kikubaaqudgha, uniq_maggie, uniq_pikel,
          uniq_blork_the_orc
D:7:      layout_loops_ring, minmay_temple_entry_glassed_door, serial_shops,
          nicolae_shop_behind_doors
D:8:      layout_loops_ring, old_standard_altar, lair_entry_dummy, worms_lemuel
D:9:      layout_stronghold, overflow_temple_1_default, orc_0_dummy,
          serial_shops, nicolae_shop_crystal, nemelex_spade_bored_becter
D:10:     layout_loops_ring
D:11:     layout_loops_corners, serial_shops, nicolae_shop_waterfront,
          nicolae_ru_awakened_eye, uniq_fannar
Lair:1:   layout_loops_ring, portal_ice_cave_entry_pillars_1,
          chequers_serial_rivers_marsh

Skill      XL: |  1  2  3  4  5  6  7  8  9 10 11 |
---------------+----------------------------------+-----
Spellcasting   | 5 6 7 8 |  8.3
Invocations    | 1 2 3 4 5 6 7 |  7.1
Fighting       | 1 2 3 4 5 6 |  6.5
Short Blades   | 1 2 3 4 5 6 |  6.5
Long Blades    | 1 2 3 4 5 6 |  6.5
Axes           | 1 2 3 4 5 6 |  6.5
Maces & Flails | 1 2 3 4 5 6 |  6.5
Polearms       | 1 2 3 4 5 6 |  6.5
Staves         | 1 2 3 4 5 6 |  6.5
Slings         | 1 2 3 4 5 6 |  6.5
Bows           | 1 2 3 4 5 6 |  6.5
Crossbows      | 1 2 3 4 5 6 |  6.5
Throwing       | 1 2 3 4 5 6 |  6.5
Armour         | 1 2 3 4 5 6 |  6.5
Shields        | 1 2 3 4 5 6 |  6.5
Unarmed Combat | 1 2 3 4 5 6 |  6.5
Evocations     | 1 2 3 4 5 6 |  6.5
Conjurations   | 1 2 3 4 5 |  5.3
Hexes          | 1 2 3 4 5 |  5.3
Summonings     | 1 2 3 4 5 |  5.3
Necromancy     | 1 2 3 4 5 |  5.3
Translocations | 1 2 3 4 5 |  5.3
Transmutations | 1 2 3 4 5 |  5.3
Fire Magic     | 1 2 3 4 5 |  5.3
Air Magic      | 1 2 3 4 5 |  5.3
Earth Magic    | 1 2 3 4 5 |  5.3
Poison Magic   | 1 2 3 4 5 |  5.3
Dodging        | 5 6 7 8 |  8.0
Stealth        | 5 6 7 |  7.8
Ice Magic      | 8 9 |  9.0

Action                   |  1- 3 |  4- 6 |  7- 9 | 10-12 || total
-------------------------+-------+-------+-------+-------++-------
Melee: Hand axe          |    77 |    20 |       |       ||    97
       Bite              |     9 |     2 |    13 |    15 ||    39
       Short sword       |       |     3 |     9 |       ||    12
       Long sword        |       |       |    78 |   151 ||   229
       Punch             |       |       |     4 |     4 ||     8
 Cast: Freeze            |    12 |       |     4 |       ||    16
       Frozen Ramparts   |       |    19 |    46 |    60 ||   125
       Hailstorm         |       |       |     3 |     3 ||     6
       Summon Ice Beast  |       |       |    10 |    43 ||    53
Invok: Channel Magic     |       |       |     1 |       ||     1
  Use: Scroll            |       |       |     5 |     8 ||    13
       Potion            |       |       |       |     2 ||     2
 Stab: Sleeping          |     4 |     3 |     2 |     3 ||    12
       Distracted        |       |       |       |     1 ||     1
Armor: Robe              |    13 |     5 |     8 |       ||    26
       Steam dragon scal |       |       |     1 |    54 ||    55
Dodge: Dodged            |    73 |    25 |    81 |   182 ||   361
       Rpst.: Long sword |       |       |    27 |    51 ||    78

Table legend: (Time is in decaauts)
 A = Elapsed time spent in this place.
 B = Non-inter-level travel time spent in this place.
 C = Inter-level travel time spent in this place.
 D = Time resting spent in this place.
 E = Time spent auto-exploring this place.
 F = Levels seen in this place.
 G = Mean time per level.
                   A        B        C        D        E       F      G
               +--------+--------+--------+--------+--------+-----+--------+
         Total |  13691 |  13294 |    397 |    376 |  10539 |  13 | 1053.2 |
       Dungeon |  13644 |  13247 |    397 |    376 |  10539 |  11 | 1240.4 |
          Lair |     36 |     36 |      0 |      0 |      0 |   1 |   36.0 |
      Ice Cave |     10 |     10 |      0 |      0 |      0 |   1 |   10.0 |
               +--------+--------+--------+--------+--------+-----+--------+

Top non-repeatable levels by time:
     D:6: 1529 daAuts
     D:4: 1461 daAuts
     D:9: 1411 daAuts
     D:8: 1325 daAuts
     D:2: 1294 daAuts
     D:1: 1221 daAuts
     D:7: 1157 daAuts
    D:11: 1147 daAuts
     D:5: 1098 daAuts
     D:3: 1094 daAuts
    D:10: 902 daAuts
  Lair:1: 36 daAuts
   IceCv: 10 daAuts
